 Dungeon Crawl Stone Soup version 0.24-a0-537-g2d01d4ab0a (webtiles) character file.

Game seed: 18237078840440423211

75 Gargoyl the Skirmisher (level 4, 0/40 HPs)
             Began as a Centaur Abyssal Knight on Aug 13, 2019.
             Was a Follower of Lugonu.
             Slain by a black bear (2 damage)
             ... on level 3 of the Dungeon.
             The game lasted 00:03:35 (2415 turns).

Gargoyl the Skirmisher (Centaur Abyssal Knight)     Turns: 2415, Time: 00:03:35

Health: 0/40       AC:  8    Str: 15    XL:     4   Next: 11%
Magic:  5/5        EV:  9    Int: 11    God:    Lugonu [*.....]
Gold:   171        SH:  0    Dex:  9    Spells: 3/3 levels left

rFire    . . .     SeeInvis .   a - +1 hand axe
rCold    . . .     Gourm    .   (no shield)
rNeg     . . .     Faith    .   e - +1 steam dragon scales
rPois    .         Spirit   .   (no helmet)
rElec    .         Reflect  .   (no cloak)
rCorr    .         Harm     .   m - +1 pair of gloves
MR       .....                  (no barding)
Stlth    +.........             (no amulet)
HPRegen  0.13/turn              (no ring)
MPRegen  0.09/turn              (no ring)

@: very quick
A: large, hooves 3, deformed body, speed 2, tough skin 3
a: Depart the Abyss, Renounce Religion


You were on level 3 of the Dungeon.
You worshipped Lugonu.
Lugonu was aware of your devotion.
You were not hungry.

You visited 1 branch of the dungeon, and saw 3 of its levels.
You visited the Abyss 1 time.

You collected 171 gold pieces.

Inventory:

Hand Weapons
 a - a +1 hand axe (weapon)
Armour
 e - +1 steam dragon scales (worn)
 m - a +1 pair of gloves (worn)
Jewellery
 o - an uncursed ring of see invisible {unknown}
Scrolls
 b - 4 scrolls of teleportation
 i - 2 scrolls of identify
 l - a scroll of remove curse
Potions
 d - a potion of lignification {unknown}
 f - a potion of cancellation
 h - a potion of degeneration {unknown}
 j - a potion of curing {unknown}
 k - a potion of berserk rage {unknown}
Comestibles
 c - 8 rations


   Skills:
 + Level 3.7 Fighting
 + Level 2.4 Axes
 * Level 1.7 Armour
 * Level 1.3 Dodging
 * Level 2.4 Invocations


You had 3 spell levels left.
You didn't know any spells.
Your spell library contained the following spells:

 Spells                   Type           Power        Failure   Level  Hunger
 Animate Skeleton         Necr           N/A          34%         1    ##.....
 Apportation              Tloc           #.....       34%         1    ##.....
 Confusing Touch          Hex            #.....       34%         1    ##.....
 Summon Small Mammal      Summ           #...         34%         1    ##.....


Dungeon Overview and Level Annotations

Branches:
Dungeon (3/15)

Altars:


Innate Abilities, Weirdness & Mutations

You have hooves in place of feet.
Armour fits poorly on your strangely shaped body.
You cover ground very quickly.
You have extremely tough skin. (AC +3)


Message History

The black bear bites you but does no damage.
The black bear barely misses you. The black bear claws you.
You hit the black bear.
The black bear is almost dead.
The black bear barely misses you. The black bear claws you.
The black bear claws you but does no damage.
The black bear completely misses you. x2; The black bear closely misses you.
Unknown command.
You closely miss the black bear.
The black bear is almost dead.
The black bear barely misses you. The black bear claws you.
* * * LOW HITPOINT WARNING * * *
The black bear claws you.
* * * LOW HITPOINT WARNING * * *
You barely miss the black bear.
The black bear is almost dead.
The black bear bites you!
* * * LOW HITPOINT WARNING * * *
The black bear claws you.
You die...

......#.......#
......#.......#
..............#
..............#
...............
.......<.......
.###+#.........
#.h......#
#.@.......
#...))......#
........?.....#
..............#
.##............
.....#........
.#....#........
#...<#.......%


You could see a black bear (berserk).

Vanquished Creatures
  2 adders (D:2)
  An ufetubus (Abyss:2)
  2 dart slugs (D:1)
  A leopard gecko (D:1)
  3 orcs (D:3)
  A giant cockroach (D:2)
  3 goblins
  6 hobgoblins
  3 jackals (D:1)
  8 bats
  4 frilled lizards (D:1)
  5 kobolds
  6 rats
45 creatures vanquished.

Notes
Turn   | Place    | Note
-------+----------+-------------------------------------------
     0 | Abyss:1  | Gargoyl the Centaur Abyssal Knight began the quest for the
                  | Orb.
     0 | Abyss:1  | Reached XP level 1. HP: 19/19 MP: 2/2
    43 | Abyss:1  | Noticed an ancient zyme
    43 | Abyss:1  | Noticed a rakshasa
    57 | Abyss:1  | Noticed a golden eye
    95 | Abyss:2  | Found a corrupted altar of Lugonu.
   120 | Abyss:2  | Noticed a smoke demon
   173 | Abyss:2  | Noticed a raiju
   200 | Abyss:2  | Noticed a spatial vortex
   201 | Abyss:2  | Noticed a spatial vortex
   232 | Abyss:2  | Found a shimmering altar of Xom.
   232 | Abyss:2  | Found a shimmering altar of Xom.
   232 | Abyss:2  | Found a shimmering altar of Xom.
   232 | Abyss:2  | Found a shimmering altar of Xom.
   232 | Abyss:2  | Found a shimmering altar of Xom.
   232 | Abyss:2  | Found a corrupted altar of Lugonu.
   233 | Abyss:2  | Found a shimmering altar of Xom.
   233 | Abyss:2  | Found a shimmering altar of Xom.
   241 | Abyss:2  | Noticed a thrashing horror
   243 | Abyss:2  | Noticed a thrashing horror
   247 | Abyss:2  | Noticed a ynoxinul
   249 | D:1      | Escaped the Abyss
   502 | D:1      | Reached XP level 2. HP: 18/26 MP: 3/3
   887 | D:1      | Reached * piety under Lugonu
  1164 | D:1      | Reached XP level 3. HP: 21/31 MP: 4/4
  1247 | D:1      | Reached skill level 1 in Dodging
  1827 | D:2      | Found a faded altar of an unknown god.
  2193 | D:2      | Reached XP level 4. HP: 40/40 MP: 5/5
  2395 | D:3      | Noticed a black bear
  2415 | D:3      | HP: 2/40 [black bear (7)]
  2415 | D:3      | Slain by a black bear

Levels and vault maps discovered:
D:1:      minmay_arrival_nine_rooms, layout_basic
D:2:      layout_loops_ring, chequers_ecumenical_altar_island
D:3:      layout_basic, first_ration, uniq_grinder

Skill      XL: |  1  2  3 |
---------------+----------+-----
Axes           | 2 |  2.4
Dodging        | 1 |  1.3
Fighting       | |  3.7
Armour         | |  1.7
Invocations    | |  2.4

Action                   |  1- 3 |  4- 6 || total
-------------------------+-------+-------++-------
Melee: Hand axe          |    91 |    19 ||   110
       Kick              |    18 |     3 ||    21
Invok: Depart the Abyss  |     1 |       ||     1
  Use: Scroll            |     4 |     1 ||     5
       Potion            |       |     1 ||     1
  Eat: Chunk             |     2 |     1 ||     3
Armor: Steam dragon scal |    79 |    18 ||    97
Dodge: Dodged            |    66 |    20 ||    86

Table legend:
 A = Non-vault XP
 B = Vault XP
 C = Vault XP percentage of total XP
 D = Non-vault monster count
 E = Vault monster count
 F = Vault count percentage of total count
                 A         B        C        D         E       F
            +---------+---------+-------+---------+---------+-------
      Total |     108 |       0 |   0.0 |      45 |       0 |   0.0
            +---------+---------+-------+---------+---------+-------
        D:1 |      48 |       0 |   0.0 |      28 |       0 |   0.0
        D:2 |      43 |       0 |   0.0 |      13 |       0 |   0.0
        D:3 |       9 |       0 |   0.0 |       3 |       0 |   0.0
    Abyss:2 |       8 |       0 |   0.0 |       1 |       0 |   0.0
            +---------+---------+-------+---------+---------+-------
